AoeStats
← Geosim

Black Forest

507782289Analyzed
3v3 RM · 12d ago on Sep 19, 2026· 30m 28s· 6 players
Game mode
Random Map
Map size
Normal (6 player)
Population
200
Speed
Normal
Resources
Standard
Victory
Conquest
Starting age
Dark Age
Ending age
Imperial Age
RankedLock teamsTeams togetherTeam positionsShared explorationLock speedFull tech treeHidden civsTurbo modeCheats
Victory
Defeat
🇹🇷 Goths · Türkiye
1220
+14
🇹🇷 Celts · Türkiye
1200
+14
🇹🇷 Bohemians · Türkiye
1138
+17
🇩🇪 Teutons · Germany
1232
-18
🇩🇪 Bulgarians · Germany
1212
-17
🇩🇪 Magyars · Germany
1044
-10
Ding-Dong
2:26 Loom
11:51 Feudal Age
16:52 Castle Age
15:12 Double-Bit Axe
15:33 Stone Mining
17:39 Town Watch
20:03 Bow Saw
21:50 Bow Saw
21:47 Horse Collar
23:25 Wheelbarrow
24:11 Heavy Plow
27:49 Bloodlines
30:53 Imperial Age
28:38 Scale Barding Armor
30:00 Forging
sNNNNN9STAR!
0:58 Loom
13:33 Feudal Age
14:00 Double-Bit Axe
19:24 Castle Age
18:00 Wheelbarrow
17:13 Town Watch
19:04 Fletching
20:33 Bow Saw
20:47 Gold Mining
25:01 Horse Collar
27:53 Bloodlines
30:16 Hand Cart
30:32 Scale Barding Armor
Dom..
0:32 Loom
12:30 Feudal Age
13:13 Double-Bit Axe
19:42 Castle Age
18:10 Stone Mining
19:06 Wheelbarrow
20:27 Wheelbarrow
21:27 Bow Saw
22:41 Horse Collar
23:42 Hand Cart
25:10 Gold Mining
Geosim
0:27 Loom
12:15 Feudal Age
12:34 Man-at-Arms
13:33 Double-Bit Axe
13:39 Gold Mining
15:35 Forging
16:48 Horse Collar
17:43 Scale Mail Armor
20:19 Wheelbarrow
23:08 Castle Age
23:09 Long Swordsman
23:49 Squires
24:29 Chain Mail Armor
25:12 Iron Casting
25:14 Bow Saw
29:38 Heavy Plow
29:24 Pikeman
simirfan
1:17 Loom
13:28 Feudal Age
14:57 Double-Bit Axe
15:37 Horse Collar
20:55 Castle Age
19:09 Stone Mining
21:23 Gold Mining
M.S.
0:26 Loom
13:58 Feudal Age
18:41 Castle Age
17:08 Double-Bit Axe
17:44 Horse Collar
19:28 Wheelbarrow
20:51 Heavy Plow
21:49 Bow Saw
25:08 Fervor
26:42 Fortified Wall
33:11 Imperial Age
Connection lost

Rejoining the realm…

Still unreachable

The connection could not be restored.

Session expired

The server has moved on; the page needs a fresh start.